 Dungeon Crawl Stone Soup version 0.22.1-1-ga44c0e5 (webtiles) character file.

107 dvd the Firebug (level 4, -5/27 HPs)
             Began as an Octopode Fire Elementalist on Oct 6, 2018.
             Killed by divine providence
             ... invoked by an orc priest
              (10 damage)
             ... on level 3 of the Dungeon.
             The game lasted 00:05:34 (2464 turns).

dvd the Firebug (Octopode Fire Elementalist)        Turns: 2464, Time: 00:05:35

Health: -5/27      AC:  1    Str:  7    XL:     4   Next: 86%
Magic:  1/7        EV: 14    Int: 18    God:
Gold:   128        SH:  0    Dex: 12    Spells: 5/8 levels left

rFire    . . .     SeeInvis .   n - +2 hand axe (chop)
rCold    . . .     Gourm    .   (no shield)
rNeg     . . .     Faith    .   j - +0 hat
rPois    .         Spirit   .   (no amulet)
rElec    .         Reflect  .   (no ring)
rCorr    .         Harm     .   (no ring)
MR       .....                  (no ring)
Stlth    +++.......             (no ring)
HPRegen  0.09/turn              (no ring)
MPRegen  0.10/turn              (no ring)
                                (no ring)
                                (no ring)

@: no status effects
A: almost no armour, stealthy swim, amphibious, 8 rings, constrict 8, camouflage
1, gelatinous body 1
a: no special abilities


You were on level 3 of the Dungeon.
You were not hungry.

You visited 1 branch of the dungeon, and saw 4 of its levels.

You collected 128 gold pieces.

Inventory:

Hand Weapons
 c - a +0 spear
 l - a +0 short sword
 n - a +2 hand axe of chopping (weapon)
Armour
 j - a +0 hat (worn)
Scrolls
 d - a scroll of teleportation {unknown}
 e - a scroll of remove curse {unknown}
 f - a scroll of random uselessness {unknown}
 g - a scroll of fear {unknown}
 h - 3 scrolls of identify {unknown}
 i - a scroll of magic mapping {unknown}
 m - a scroll of immolation {unknown}
Potions
 k - a potion of agility {unknown}
 o - a potion of cancellation {unknown}
 p - a potion of haste {unknown}
Comestibles
 b - 5 rations


   Skills:
 + Level 0.1 Fighting
 + Level 0.7 Polearms
 + Level 2.6 Dodging
 + Level 3.3 Stealth
 + Level 2.6 Spellcasting
 + Level 1.5 Conjurations
 + Level 4.0 Fire Magic


You had 5 spell levels left.
You knew the following spells:

 Your Spells              Type           Power        Failure   Level  Hunger
a - Flame Tongue          Conj/Fire      ##...        5%          1    #......
b - Throw Flame           Conj/Fire      ##....       9%          2    ##.....

Your spell library contained the following spells:

 Spells                   Type           Power        Failure   Level  Hunger
 Conjure Flame            Conj/Fire      ##......     16%         3    ###....
 Inner Flame              Hex/Fire       #.......     22%         3    ###....
 Sticky Flame             Conj/Fire      ##......     47%         4    #####..
 Fireball                 Conj/Fire      ##........   83%         5    ######.


Dungeon Overview and Level Annotations

Branches:
Dungeon (4/15)
 Temple: D:4-7

Altars:
Fedhas
Xom


Innate Abilities, Weirdness & Mutations

You cannot wear most types of armour.
You are very stealthy in the water. (Stealth+)
You are amphibious.
You can wear up to eight rings at the same time.
You can use your tentacles to constrict eight enemies at once.
Your skin changes colour to match your surroundings (Stealth+).
Your rubbery body absorbs attacks. (AC +1, EV +1)


Message History

Beogh smites you!
Casting: Flame Tongue (safe; 5% risk of failure)
Confirm with . or Enter, or press ? or * to list all spells.
Aiming: Flame Tongue (safe; 5% risk of failure)
Press: ? - help, Shift-Dir - straight line, f/p - orc priest
Aim: an orc priest, wielding a short sword (severely wounded)
The flame tongue hits the orc priest.
The orc priest is almost dead.
The orc priest mumbles some strange prayers to Beogh against you.
Beogh smites you!
* * * LOW HITPOINT WARNING * * *
Casting: Flame Tongue (safe; 5% risk of failure)
Confirm with . or Enter, or press ? or * to list all spells.
Aiming: Flame Tongue (safe; 5% risk of failure)
Press: ? - help, Shift-Dir - straight line, f/p - orc priest
Aim: an orc priest, wielding a short sword (almost dead)
The flame tongue misses the orc priest.
The orc priest calls down the wrath of Beogh upon you.
Beogh smites you!
You die... o)

#.# ##.# #> #.# #..# #)###
#.####### #.## #.).##
#.##.##.## #.#
###.!.#####...#....########.#
#......o.o..........##...##.##
#.#.(.########.#...###.......##
# ##(## #o##.## #...##.... #.#
#@##.# ##.###.### #)# #.##.#
#.# #.# #.# #.##.### #.# #.#
#.# #......###.###.# #.#
#..P.P.........# #.#
#..._..#.......# #..
##.P.P.#.#.#.#.# ###
#.........#.#.# #
#.##.#..###....


You could see an orc priest.

Vanquished Creatures
  An orc wizard (D:3)
  An adder (D:3)
  2 worms (D:2)
  3 dart slugs
  A leopard gecko (D:2)
  6 orcs (D:3)
  3 giant cockroaches
  7 goblins
  2 hobgoblins
  8 jackals (D:2)
  5 bats
  2 frilled lizards
  A jackal skeleton (D:2)
  5 kobolds
  3 rats
50 creatures vanquished.

Notes
Turn   | Place    | Note
-------+----------+-------------------------------------------
     0 | D:1      | dvd the Octopode Fire Elementalist began the quest for the
                  | Orb.
     0 | D:1      | Reached XP level 1. HP: 11/11 MP: 3/3
   324 | D:1      | Reached XP level 2. HP: 17/17 MP: 1/5
   440 | D:1      | Learned a level 2 spell: Throw Flame
   590 | D:1      | Found a glowing silver altar of Zin.
   592 | D:1      | Found an ancient bone altar of Kikubaaqudgha.
   592 | D:1      | Found an ancient bone altar of Kikubaaqudgha.
   594 | D:1      | Found a shimmering altar of Xom.
   594 | D:1      | Found a blossoming altar of Fedhas.
   594 | D:1      | Found a basalt altar of Yredelemnul.
   799 | D:2      | Reached XP level 3. HP: 18/21 MP: 0/6
  2109 | D:3      | Reached XP level 4. HP: 26/27 MP: 4/7
  2184 | D:3      | Reached skill level 4 in Fire Magic
  2303 | D:3      | Found a blossoming altar of Fedhas.
  2464 | D:3      | Killed from afar by an orc priest

Skill      XL: |  1  2  3  4 |
---------------+-------------+-----
Stealth        | 3 |  3.3
Fire Magic     | 4 |  4.0
Fighting       | |  0.1
Polearms       | |  0.7
Dodging        | |  2.6
Spellcasting   | |  2.6
Conjurations   | |  1.5

Action                   |  1- 3 |  4- 6 || total
-------------------------+-------+-------++-------
Melee: Unarmed           |     8 |       ||     8
       Constrict         |    11 |     3 ||    14
       Tentacles         |     6 |     2 ||     8
       Spear             |    38 |       ||    38
       Hand axe          |       |     8 ||     8
 Cast: Flame Tongue      |    42 |    12 ||    54
       Throw Flame       |    12 |     5 ||    17
 Stab: Sleeping          |     4 |       ||     4
  Eat: Chunk             |     5 |     1 ||     6
Armor: Skin              |     4 |       ||     4
Dodge: Dodged            |    34 |     7 ||    41
